 Dungeon Crawl Stone Soup version 0.21.1-1-g345015fe64 (webtiles) character file.

50 KleinerIrrer the Shield-Bearer (level 4, 0/35 HPs)
             Began as a Formicid Fighter on Apr 2, 2018.
             Slain by an ogre
             ... wielding a +0 giant club
              (12 damage)
             ... on level 2 of the Dungeon.
             The game lasted 00:01:57 (925 turns).

KleinerIrrer the Shield-Bearer (Formicid Fighter)    Turns: 925, Time: 00:01:57

Health: 0/35       AC:  9    Str: 21    XL:     4   Next: 4%
Magic:  4/4        EV:  6    Int:  8    God:
Gold:   32         SH:  9    Dex: 10    Spells: 3/3 levels left

rFire    . . .     SeeInvis +   a - +0 war axe
rCold    . . .     Gourm    .   c - +0 shield
rNeg     . . .     Faith    .   j - +0 chain mail
rPois    .         Spirit   .   (helmet unavailable)
rElec    .         Reflect  .   (no cloak)
rCorr    .         Harm     .   (no gloves)
MR       .....                  (no boots)
Stlth    ..........             (no amulet)
HPRegen  0.11/turn              (no ring)
MPRegen  0.09/turn              (no ring)

@: no status effects
A: permanent stasis, dig shafts and tunnels, four strong arms, antennae 3
a: Dig, Shaft Self


You were on level 2 of the Dungeon.
You were not hungry.

You visited 1 branch of the dungeon, and saw 2 of its levels.

You collected 32 gold pieces.

Inventory:

Hand Weapons
 a - a +0 war axe (weapon)
Armour
 c - a +0 shield (worn)
 j - a +0 chain mail (worn)
Jewellery
 i - a cursed -5 ring of intelligence {unknown}
Scrolls
 e - 2 scrolls of random uselessness {unknown}
 h - a scroll of enchant armour {unknown}
Potions
 b - a potion of curing {unknown}
 d - a potion of might
 k - a potion of lignification {unknown}
Comestibles
 f - 4 rations
 g - 3 chunks of flesh


   Skills:
 - Level 3.5 Fighting
 + Level 3.4 Axes
 + Level 3.5 Armour
 + Level 3.9 Shields


You had 3 spell levels left.
You didn't know any spells.

Dungeon Overview and Level Annotations

Branches:
Dungeon (2/15)

Altars:
Trog

Annotations:
D:2 Natasha


Innate Abilities, Weirdness & Mutations

You cannot be hasted, slowed, berserked, paralysed or teleported.
You can dig through walls and to a lower floor.
Your four strong arms can wield two-handed weapons with a shield.
You have a pair of large antennae on your head. (SInv)


Message History

You hit Natasha. You block Natasha's attack.
The ogre hits you with a giant club!!
Ouch! That really hurt!
Natasha claws you.
You are too injured to fight recklessly!
You are too injured to fight recklessly!
You are too injured to fight recklessly!
You are too injured to fight recklessly!
You are too injured to fight recklessly!
You are too injured to fight recklessly!
You are too injured to fight recklessly!
You are too injured to fight recklessly!
You are too injured to fight recklessly!
You are too injured to fight recklessly!
You are too injured to fight recklessly!
Natasha casts a spell.
You slash the ogre!
The ogre is almost dead.
The ogre hits you with a giant club!
You die...

# #<# # #.# .# $ #
#[# .##. ###.######
... .........#
#######..# ##.#)###.#
#>.......#
#...###.###.#### ..#
##..#...........##5?#
......##.###.##.@Oh.#
.#.......# #.#####.##
.##...#### #.. .#
.####.# #### ##
.####.# ......#
#######


You could see an ogre, Natasha and a shadow imp.

Vanquished Creatures
  4 dart slugs (D:1)
  5 bats (D:1)
  3 giant cockroaches
  5 goblins (D:1)
  3 hobgoblins
  4 jackals (D:1)
  8 kobolds
  A frilled lizard (D:2)
  7 rats
40 creatures vanquished.

Notes
Turn   | Place    | Note
-------+----------+-------------------------------------------
     0 | D:1      | KleinerIrrer the Formicid Fighter began the quest for the Orb.
     0 | D:1      | Reached XP level 1. HP: 18/18 MP: 1/1
    30 | D:1      | Reached XP level 2. HP: 18/24 MP: 2/2
   257 | D:1      | Reached XP level 3. HP: 16/29 MP: 3/3
   762 | D:2      | Reached XP level 4. HP: 35/35 MP: 4/4
   892 | D:2      | Found a bloodstained altar of Trog.
   918 | D:2      | Noticed an ogre
   919 | D:2      | Noticed Natasha
   925 | D:2      | Slain by an ogre

Skill      XL: |  1  2  3 |
---------------+----------+-----
Axes           | 3 |  3.4
Fighting       | |  3.5
Armour         | |  3.5
Shields        | |  3.9

Action                   |  1- 3 |  4- 6 || total
-------------------------+-------+-------++-------
Melee: War axe           |    87 |     9 ||    96
Armor: Scale mail        |    24 |       ||    24
       Chain mail        |    15 |     2 ||    17
Dodge: Dodged            |    30 |     3 ||    33
Block: Shield            |    50 |     6 ||    56
